 Dungeon Crawl Stone Soup version bcrawl-1.21.3 (webtiles) character file.

Game seed: 9724192680505524935

53 Flugslaktarn the Sneak (level 3, -2/23 HPs)
             Began as a Skeleton Archaeologist on Mar 30, 2020.
             Slain by Crazy Yiuf
             ... wielding a +3 quarterstaff of chaos
              (4 damage)
             ... on level 2 of the Dungeon.
             The game lasted 00:01:15 (2607 turns).

Flugslaktarn the Sneak (Skeleton Archaeologist)     Turns: 2607, Time: 00:01:15

Health: -2/23      AC: 13    Str: 17 (18) XL:     3   Next: 62%
Magic:  0/3        EV:  6    Int: 12      God:
Gold:   158        SH:  0    Dex:  3 (7)  Spells: 2/2 levels left

rFire    . . .     SeeInvis .   a - +0 whip
rCold    + . .     Gourm    .   (no shield)
rNeg     + + +     Faith    .   m - +0 plate armour
rPois    ∞         Spirit   +   b - +0 helmet
rElec    .         Reflect  .   (no cloak)
rCorr    .         Harm     .   (no gloves)
MR       .....                  d - +1 pair of boots
Stlth    ..........             (no amulet)
HPRegen  0.07/turn              (no ring)
MPRegen  0.08/turn              (no ring)

@: no status effects
A: no food or potions, cold resistance 1, deterioration 1, negative energy
resistance 3, torment resistance, unbreathing, magic shield, sturdy frame 1,
spell healing
a: no special abilities


You were on level 2 of the Dungeon.
You were not hungry.

You visited 1 branch of the dungeon, and saw 2 of its levels.

You collected 158 gold pieces.

Inventory:

Hand Weapons
 a - a +0 whip (weapon)
Armour
 b - a +0 helmet (worn)
   (You found it on level 2 of the Dungeon)
 c - a +1 hat
 d - a +1 pair of boots (worn)
 m - a +0 plate armour (worn)
   (You found it on level 2 of the Dungeon)
Wands
 l - a wand of enslavement (5)
   (You found it on level 2 of the Dungeon)
Scrolls
 e - 2 scrolls of magic mapping
 g - a scroll of blinking {unknown}
 h - a scroll of teleportation {unknown}
 j - a scroll of amnesia {unknown}
 k - a scroll of remove curse {unknown}
Miscellaneous
 f - a dusty tome


   Skills:
 + Level 3.6 Fighting
 - Level 1.2 Maces & Flails
 - Level 3.0 Dodging
 - Level 3.6 Stealth


You had 2 spell levels left.
You didn't know any spells.
Your spell library was empty.

Dungeon Overview and Level Annotations

Branches:
Dungeon (2/12)

Altars:

Annotations:
D:2 Crazy Yiuf


Innate Abilities, Weirdness & Mutations

You do not eat or drink.
You are immune to poison.
Your flesh is cold resistant. (rC+)
Your body sometimes deteriorates upon taking damage.
You are immune to negative energy. (rN+++)
You are immune to unholy pain and torment.
You can survive without breathing.
When hurt, damage is shared between your health and your magic reserves.
Your movements are slightly less encumbered by armour. (ER -2)
Casting spells heals you.


Message History

Crazy Yiuf is heavily wounded.
Crazy Yiuf hits you but does no damage.
You are electrocuted!
* * * LOW HITPOINT WARNING * * *
You are too injured to fight recklessly!
You are too injured to fight recklessly!
You are too injured to fight recklessly!
You are too injured to fight recklessly!
You are too injured to fight recklessly!
You are too injured to fight recklessly!
You are too injured to fight recklessly!
You are too injured to fight recklessly!
You are too injured to fight recklessly!
You are too injured to fight recklessly!
You are too injured to fight recklessly!
Unknown command.
Your plate armour prevents you from hitting Crazy Yiuf.
Crazy Yiuf is heavily wounded.
Crazy Yiuf laughs, "Spliff!
Shadow blue return to song."
Crazy Yiuf hits you with a +3 quarterstaff of chaos.
You die...

...†.## ##...##
####.>######.
.###..# #####
####........ ##
##.##
#..........# #..#
#######...## #).#
#..## #.## #..#
#.##### #### #..#
#...#.## ###..)#
####
#......####.@g..#
##......#..##...#
##.#..#.### ####
########


You could see Crazy Yiuf.

Vanquished Creatures
  An adder (D:2)
  A worm (D:2)
  A dart slug (D:1)
  4 leopard geckos (D:1)
  7 bats
  5 goblins (D:1)
  3 hobgoblins (D:1)
  A jackal (D:1)
  3 kobolds
  2 ball pythons
  4 frilled lizards
  4 rats
36 creatures vanquished.

Notes
Turn   | Place    | Note
-------+----------+-------------------------------------------
     0 | D:1      | Flugslaktarn the Skeleton Archaeologist began the quest for
                  | the Orb.
     0 | D:1      | Reached XP level 1. HP: 12/12 MP: 1/1
   270 | D:1      | Reached XP level 2. HP: 17/17 MP: 2/2
   917 | D:1      | Reached XP level 3. HP: 23/23 MP: 3/3
  2464 | D:2      | Found a runed door.
  2598 | D:2      | Noticed Crazy Yiuf
  2607 | D:2      | Slain by Crazy Yiuf

Skill      XL: |  1  2 |
---------------+-------+-----
Fighting       | 2 3 |  3.6
Maces & Flails | |  1.2
Dodging        | |  3.0
Stealth        | |  3.6

Action                   || total
-------------------------++-------
Melee: Whip              ||   213
 Stab: Sleeping          ||     2
Armor: Robe              ||    72
       Ring mail         ||    69
       Plate armour      ||     5
Dodge: Dodged            ||   206
